Jets vs Rangers

Created - 1 décembre 2015 at 19:37

Goals
1 2 3 T
Jets 2 1 2 5
Rangers 1 1 1 3
Shots
1 2 3 T
Jets 14 5 7 26
Rangers 17 6 11 34

1st period

1. Jets , Dustin Brown 13 (Marco Scandella, Andrei Markov) at 9:05
2. Jets , Benoit Pouliot 20 (Dustin Brown, Andrei Markov) at 17:17 (PP)
3. Rangers , Johan Franzen 5 (Brad Richards, Milan Lucic) at 17:55

Penalties :
Brad Richards (NYR) for Hooking (Minor) at 16:59

2nd period

4. Jets , Jussi Jokinen 10 (Mikko Koivu, Dustin Brown) at 2:03
5. Rangers , Radek Bonk 2 (Matt Read, Nathan Gerbe) at 10:58

Penalties :
Curtis Glencross (Win) for Hooking (Minor) at 6:52, Derek Roy (Win) for Interference (Minor) at 11:20

3rd period

6. Jets , Mikko Koivu 8 (Jussi Jokinen, Adam Pardy) at 8:30
7. Rangers , Milan Lucic 10 (Cam Barker, Brad Richards) at 11:08 (PP)
8. Jets , Jarome Iginla 5 (Jussi Jokinen, Darroll Powe) at 19:54

Penalties :
Matt Greene (NYR) for Roughing (Double Minor) at 0:51, Blair Betts (Win) for Roughing (Double Minor) at 10:56

Goalie Stats

Maxime Daigneault (Win), 31 saves from 34 shots - (0,912), W, 10-6-0, 60:00 minutes
Henrik Lundqvist (NYR), 21 saves from 26 shots - (0,808), L, 3-12-2, 60:00 minutes

Players Stats for Jets

Player Name              G  A  P  +/- PIM S  H  SB GA TA FO     MP     PP MP  PK MP  
------------------------------------------------------------------------------------
Adam Pardy               0  1  1   0  0   0  0  0  0  0  0/0    16:18   0:11   2:29 
Andrei Markov            0  2  2   2  0   0  2  0  1  1  0/0    18:49   2:22   2:29 
Anton Volchenkov         0  0  0   0  0   1  2  2  0  1  0/0    27:29   1:55   3:40 
Benoit Pouliot           1  0  1   1  0   3  3  1  0  0  0/0    20:35   2:21   2:35 
Blair Betts              0  0  0   0  4   1  1  0  0  0  1/4     9:24   0:00   1:15 
Chris Phillips           0  0  0   0  0   2  2  0  0  1  0/0    14:55   1:44   0:00 
Curtis Glencross         0  0  0  -1  2   0  0  0  0  0  0/0    10:11   0:27   0:13 
Darroll Powe             0  1  1   0  0   0  2  0  0  0  5/13   15:31   0:00   2:36 
Derek Roy                0  0  0   1  2   2  5  0  0  0  12/24  18:26   2:21   0:16 
Dmitri Kalinin           0  0  0   0  0   0  0  1  0  0  0/0    27:56   2:22   3:40 
Dustin Brown             1  2  3   1  0   4  2  1  0  0  0/1    18:07   2:21   0:00 
Eric Fehr                0  0  0   0  0   0  1  0  0  0  0/1     8:51   0:27   0:00 
Fredrik Sjostrom         0  0  0   0  0   1  0  0  1  0  0/1    10:56   0:00   1:52 
Jarome Iginla            1  0  1   1  0   3  2  1  0  1  0/0    21:02   1:29   2:36 
Jussi Jokinen            1  2  3   2  0   3  0  0  0  0  0/0    16:14   1:29   0:26 
Marco Scandella          0  1  1   2  0   1  1  0  1  1  0/0    14:33   0:00   0:00 
Mikko Koivu              1  1  2   1  0   3  4  0  0  0  6/15   15:13   1:29   0:29 
Tomas Kopecky            0  0  0   0  0   2  1  0  0  0  0/0     9:18   0:27   0:00 

Players Stats for Rangers

Player Name              G  A  P  +/- PIM S  H  SB GA TA FO     MP     PP MP  PK MP  
------------------------------------------------------------------------------------
Alexei Emelin            0  0  0   0  0   0  2  1  0  0  0/0    13:56   0:00   1:33 
Brad Richards            0  2  2   0  2   2  1  1  1  0  18/30  21:20   3:28   1:55 
Cam Barker               0  1  1  -1  0   2  0  1  1  0  0/0    27:43   3:55   2:31 
Drew Stafford            0  0  0  -2  0   5  3  2  1  0  0/0    17:30   2:41   0:13 
Jakob Silfverberg        0  0  0  -1  0   2  3  0  0  0  0/1     7:34   0:00   0:00 
Johan Franzen            1  0  1   0  0   1  3  0  1  0  0/0    19:45   3:28   0:37 
Mark Fistric             0  0  0  -1  0   1  1  0  0  1  0/0    18:41   2:14   1:33 
Matt Greene              0  0  0  -1  4   1  4  1  0  0  0/0    17:46   2:14   0:00 
Matt Read                0  1  1   1  0   2  1  0  0  0  0/1    12:05   0:00   0:00 
Mike Cammalleri          0  0  0  -2  0   1  2  0  0  0  0/0    17:34   2:41   0:46 
Milan Lucic              1  1  2   0  0   4  0  0  1  0  4/5    21:59   3:28   2:16 
Nathan Gerbe             0  1  1   1  0   1  3  0  0  0  0/0    12:11   0:00   0:00 
Nick Foligno             0  0  0  -1  0   0  1  1  0  0  1/1     7:01   0:00   0:00 
Patrice Bergeron         0  0  0  -2  0   5  3  0  0  0  7/13   17:53   2:41   1:22 
Radek Bonk               1  0  1   1  0   2  1  1  0  1  3/5    12:23   0:00   0:18 
Ryan Whitney             0  0  0  -1  0   1  3  4  0  1  0/0    27:43   3:55   2:31 
Staffan Kronwall         0  0  0   0  0   3  1  1  0  0  0/0    13:36   0:00   0:13 
Valtteri Filppula        0  0  0  -1  0   1  1  0  0  0  2/3     9:01   0:00   1:20 

3 Stars

1 - Dustin Brown (Win)
2 - Jussi Jokinen (Win)
3 - Mikko Koivu (Win)

Power Play

Jets - 1 on 3 Attempt(s) - 33,33%
Rangers - 1 on 4 Attempt(s) - 25,00%

Penalty Kill

Jets - 3 on 4 Attempt(s) - 75,00% - Score 0 goal in Penalty Kill
Rangers - 2 on 3 Attempt(s) - 66,67% - Score 0 goal in Penalty Kill

Team Stat

Jets - Hits : 28 - Faceoff Wins : 24 - Blocked Shots : 6 - Penalty Minutes : 8
Rangers - Hits : 33 - Faceoff Wins : 35 - Blocked Shots : 13 - Penalty Minutes : 6

Official

Referees : Sutherland Kelly and Rooney Chris
Linesman : Jean Morin and Brian Mach

Game Notes

No Game Note

Finance

Level 1 -- Attendance: 4485 (74,75%) -- Ticket Income 403 650 $
Level 2 -- Attendance: 3520 (70,40%) -- Ticket Income 193 600 $
Level 3 -- Attendance: 1868 (93,40%) -- Ticket Income 56 040 $
Level 4 -- Attendance: 4000 (100,00%) -- Ticket Income 80 000 $
Luxury Box -- Attendance: 736 (73,60%) -- Ticket Income 128 800 $
Game was played at the Madison Square Garden'
Total Attendance: 14609 (81,16%)
Total Ticket Income: 862 090 $
Other Income: 129 314 $
Total Income: 991 404 $

Jets

5 vs 5 Forward 
   Center                   Left Wing                Right Wing               Time % Phy DF OF 
 1 Derek Roy                Benoit Pouliot           Dustin Brown             40     0   2  3  
 2 Mikko Koivu              Jussi Jokinen            Jarome Iginla            30     0   2  3  
 3 Darroll Powe             Fredrik Sjostrom         Tomas Kopecky            20     1   2  2  
 4 Blair Betts              Curtis Glencross         Eric Fehr                10     1   2  2  

5 vs 5 Defense 
   Defense                  Defense                                           Time % Phy DF OF 
 1 Dmitri Kalinin           Anton Volchenkov                                  40     0   2  3  
 2 Andrei Markov            Marco Scandella                                   30     1   2  2  
 3 Adam Pardy               Chris Phillips                                    20     1   2  2  
 4 Dmitri Kalinin           Anton Volchenkov                                  10     1   2  2  

PowerPlay Forward 
   Center                   Left Wing                Right Wing               Time % Phy DF OF 
 1 Derek Roy                Benoit Pouliot           Dustin Brown             60     0   0  5  
 2 Mikko Koivu              Jussi Jokinen            Jarome Iginla            40     0   0  5  

PowerPlay Defense
   Defense                  Defense                                           Time % Phy DF OF 
 1 Dmitri Kalinin           Andrei Markov                                     60     0   1  4  
 2 Anton Volchenkov         Chris Phillips                                    40     0   1  4  

Penalty Kill 4 Players Forward 
   Center                   Wing                     Time % Phy DF OF 
 1 Darroll Powe             Jarome Iginla            60     1   3  1  
 2 Derek Roy                Jarome Iginla            40     1   3  1  

Penalty Kill 4 Players Defense
   Defense                  Defense                  Time % Phy DF OF 
 1 Dmitri Kalinin           Anton Volchenkov         60     1   3  1  
 2 Adam Pardy               Andrei Markov            40     1   3  1  

Penalty Kill - 3 Players Forward 
   Forward                                           Time % Phy DF OF 
 1 Jarome Iginla                                     60     1   3  1  
 2 Darroll Powe                                      40     1   3  1  

Penalty Kill - 3 Players Defense
   Defense                  Defense                  Time % Phy DF OF 
 1 Dmitri Kalinin           Anton Volchenkov         60     1   4  0  
 2 Adam Pardy               Andrei Markov            40     1   4  0  

4 vs 4 Forward 
   Center                   Wing                     Time % Phy DF OF 
 1 Derek Roy                Benoit Pouliot           60     1   2  2  
 2 Mikko Koivu              Dustin Brown             40     1   2  2  

4 vs 4 Defense
   Defense                  Defense                  Time % Phy DF OF 
 1 Dmitri Kalinin           Anton Volchenkov         60     1   2  2  
 2 Chris Phillips           Andrei Markov            40     1   2  2  

Last Minutes Offensive
   Center                   Left Wing                Right Wing               Defense                  Defense                  
   Derek Roy                Benoit Pouliot           Dustin Brown             Dmitri Kalinin           Anton Volchenkov         

Last Minutes Defensive
   Center                   Left Wing                Right Wing               Defense                  Defense                  
   Darroll Powe             Jussi Jokinen            Jarome Iginla            Dmitri Kalinin           Anton Volchenkov         

Goaltenders
Starting : Maxime Daigneault        
Backup : Ilya Bryzgalov           

Extra Forwards
Normal : Jarome Iginla, Eric Fehr, Fredrik Sjostrom - PP : Derek Roy, Eric Fehr - PK : Fredrik Sjostrom
Extra Defensemen
Normal : Dmitri Kalinin, Anton Volchenkov, Chris Phillips - PP : Anton Volchenkov - PK : Dmitri Kalinin, Chris Phillips
Penalty Shots
Benoit Pouliot, Derek Roy, Jarome Iginla, Mikko Koivu, Jussi Jokinen

Rangers

5 vs 5 Forward 
   Center                   Left Wing                Right Wing               Time % Phy DF OF 
 1 Brad Richards            Milan Lucic              Johan Franzen            40     1   2  2  
 2 Patrice Bergeron         Mike Cammalleri          Drew Stafford            30     1   2  2  
 3 Radek Bonk               Nathan Gerbe             Matt Read                20     1   2  2  
 4 Valtteri Filppula        Nick Foligno             Jakob Silfverberg        10     1   2  2  

5 vs 5 Defense 
   Defense                  Defense                                           Time % Phy DF OF 
 1 Cam Barker               Ryan Whitney                                      40     1   2  2  
 2 Mark Fistric             Matt Greene                                       30     1   2  2  
 3 Staffan Kronwall         Alexei Emelin                                     20     1   2  2  
 4 Cam Barker               Ryan Whitney                                      10     1   2  2  

PowerPlay Forward 
   Center                   Left Wing                Right Wing               Time % Phy DF OF 
 1 Brad Richards            Milan Lucic              Johan Franzen            60     1   2  2  
 2 Patrice Bergeron         Mike Cammalleri          Drew Stafford            40     1   2  2  

PowerPlay Defense
   Defense                  Defense                                           Time % Phy DF OF 
 1 Cam Barker               Ryan Whitney                                      60     1   2  2  
 2 Mark Fistric             Matt Greene                                       40     1   2  2  

Penalty Kill 4 Players Forward 
   Center                   Wing                     Time % Phy DF OF 
 1 Milan Lucic              Brad Richards            60     1   2  2  
 2 Patrice Bergeron         Johan Franzen            40     1   2  2  

Penalty Kill 4 Players Defense
   Defense                  Defense                  Time % Phy DF OF 
 1 Cam Barker               Ryan Whitney             60     1   2  2  
 2 Mark Fistric             Matt Greene              40     1   2  2  

Penalty Kill - 3 Players Forward 
   Forward                                           Time % Phy DF OF 
 1 Milan Lucic                                       60     1   2  2  
 2 Brad Richards                                     40     1   2  2  

Penalty Kill - 3 Players Defense
   Defense                  Defense                  Time % Phy DF OF 
 1 Cam Barker               Ryan Whitney             60     1   2  2  
 2 Mark Fistric             Matt Greene              40     1   2  2  

4 vs 4 Forward 
   Center                   Wing                     Time % Phy DF OF 
 1 Milan Lucic              Brad Richards            60     1   2  2  
 2 Patrice Bergeron         Johan Franzen            40     1   2  2  

4 vs 4 Defense
   Defense                  Defense                  Time % Phy DF OF 
 1 Cam Barker               Ryan Whitney             60     1   2  2  
 2 Mark Fistric             Matt Greene              40     1   2  2  

Last Minutes Offensive
   Center                   Left Wing                Right Wing               Defense                  Defense                  
   Brad Richards            Milan Lucic              Johan Franzen            Cam Barker               Ryan Whitney             

Last Minutes Defensive
   Center                   Left Wing                Right Wing               Defense                  Defense                  
   Brad Richards            Milan Lucic              Johan Franzen            Cam Barker               Ryan Whitney             

Goaltenders
Starting : Henrik Lundqvist         
Backup : Hannu Toivonen           

Extra Forwards
Normal : Matt Read, Radek Bonk, Valtteri Filppula - PP : Matt Read, Radek Bonk - PK : Valtteri Filppula
Extra Defensemen
Normal : Staffan Kronwall, Alexei Emelin, Mark Fistric - PP : Staffan Kronwall - PK : Alexei Emelin, Mark Fistric
Penalty Shots
Milan Lucic, Brad Richards, Patrice Bergeron, Johan Franzen, Mike Cammalleri

% Time on Ice - Jets

Lines # - Real PCT - Wanted PCT - Time Play
Normal Forward
1 - 39% - 40% - 18:53
2 - 28% - 30% - 13:35
3 - 18% - 20% - 8:44
4 - 15% - 10% - 7:14
Normal Defense
1 - 40% - 40% - 19:11
2 - 32% - 30% - 15:36
3 - 23% - 20% - 11:02
4 - 5% - 10% - 2:37
PP Forward
1 - 63% - 60% - 2:41
2 - 37% - 40% - 1:36
PP Defense
1 - 60% - 60% - 2:33
2 - 40% - 40% - 1:44
PK Forward
1 - 82% - 60% - 5:03
2 - 18% - 40% - 1:06
PK Defense
1 - 60% - 60% - 3:40
2 - 40% - 40% - 2:29
PK3 Forward
1 - 0% - 60%
2 - 0% - 40%
PK3 Defense
1 - 0% - 60%
2 - 0% - 40%
44 Forward
1 - 0% - 60%
2 - 0% - 40%
44 Defense
1 - 0% - 60%
2 - 0% - 40%
Last Minute Offensive  - 0:00
Last Minute Defensive  - 1:08
Total
Forward - 60:00
Defense - 60:00

% Time on Ice - Rangers

Lines # - Real PCT - Wanted PCT - Time Play
Normal Forward
1 - 33% - 40% - 16:32
2 - 28% - 30% - 13:50
3 - 24% - 20% - 12:05
4 - 14% - 10% - 7:01
Normal Defense
1 - 39% - 40% - 19:12
2 - 33% - 30% - 16:13
3 - 24% - 20% - 12:04
4 - 4% - 10% - 1:59
PP Forward
1 - 56% - 60% - 3:28
2 - 44% - 40% - 2:41
PP Defense
1 - 64% - 60% - 3:55
2 - 36% - 40% - 2:14
PK Forward
1 - 86% - 60% - 3:40
2 - 14% - 40% - 0:37
PK Defense
1 - 46% - 60% - 1:57
2 - 54% - 40% - 2:20
PK3 Forward
1 - 0% - 60%
2 - 0% - 40%
PK3 Defense
1 - 0% - 60%
2 - 0% - 40%
44 Forward
1 - 0% - 60%
2 - 0% - 40%
44 Defense
1 - 0% - 60%
2 - 0% - 40%
Last Minute Offensive  - 0:06
Last Minute Defensive  - 0:00
Total
Forward - 60:00
Defense - 60:00

Play by Play

1st period


0:01 of 1st period - Derek Roy wins face-off versus Brad Richards in neutral zone.
0:16 of 1st period - Snap shot by Milan Lucic.
0:16 of 1st period - Shot Blocked by Dmitri Kalinin.
0:26 of 1st period - Dustin Brown is hit by Ryan Whitney and loses puck.
1:51 of 1st period - Alexei Emelin is hit by Mikko Koivu and loses puck.
2:04 of 1st period - Snap shot by Johan Franzen.
2:04 of 1st period - Shot Misses the Net.
2:06 of 1st period - Backhand shot by Staffan Kronwall.
2:06 of 1st period - Deflect By Adam Pardy.
2:06 of 1st period - Stopped by Maxime Daigneault with a rebound.
2:08 of 1st period - Wrist shot by Drew Stafford.
2:08 of 1st period - Stopped by Maxime Daigneault with a rebound.
2:10 of 1st period - Snap shot by Drew Stafford.
2:10 of 1st period - Stopped by Maxime Daigneault with a rebound.
2:12 of 1st period - Snap shot by Mike Cammalleri.
2:12 of 1st period - Stopped by Maxime Daigneault without a rebound.
2:13 of 1st period - Derek Roy wins face-off versus Radek Bonk in Jets zone.
2:19 of 1st period - Slapshot by Derek Roy.
2:19 of 1st period - Stopped by Henrik Lundqvist with a rebound.
2:21 of 1st period - Snap shot by Marco Scandella.
2:21 of 1st period - Shot Blocked by Ryan Whitney.
2:49 of 1st period - Backhand shot by Mikko Koivu.
2:49 of 1st period - Shot Blocked by Ryan Whitney.
3:21 of 1st period - Blair Betts is hit by Jakob Silfverberg and loses puck.
3:42 of 1st period - Derek Roy is hit by Mike Cammalleri and loses puck.
4:09 of 1st period - Snap shot by Nathan Gerbe.
4:09 of 1st period - Stopped by Maxime Daigneault with a rebound.
4:27 of 1st period - Tomas Kopecky is hit by Matt Greene.
5:14 of 1st period - Chris Phillips is hit by Drew Stafford and loses puck.
5:52 of 1st period - Off-side.
5:53 of 1st period - Valtteri Filppula wins face-off versus Blair Betts in neutral zone.
6:18 of 1st period - Dustin Brown is hit by Matt Greene and loses puck.
6:25 of 1st period - Slapshot by Dmitri Kalinin.
6:25 of 1st period - Shot Misses the Net.
6:27 of 1st period - Slapshot by Marco Scandella.
6:27 of 1st period - Stopped by Henrik Lundqvist without a rebound.
6:28 of 1st period - Mikko Koivu wins face-off versus Patrice Bergeron in Rangers zone.
7:00 of 1st period - Cam Barker is hit by Andrei Markov and loses puck.
7:17 of 1st period - Wrist shot by Tomas Kopecky.
7:17 of 1st period - Shot Blocked by Ryan Whitney.
7:37 of 1st period - Snap shot by Matt Read.
7:37 of 1st period - Shot Misses the Net.
7:39 of 1st period - Slapshot by Ryan Whitney.
7:39 of 1st period - Shot Misses the Net.
7:41 of 1st period - Slapshot by Cam Barker.
7:41 of 1st period - Stopped by Maxime Daigneault without a rebound.
7:42 of 1st period - Patrice Bergeron wins face-off versus Derek Roy in Jets zone.
7:57 of 1st period - Wrist shot by Patrice Bergeron.
7:57 of 1st period - Deflect By Mike Cammalleri.
7:57 of 1st period - Shot Misses the Net.
7:57 of 1st period - Puck is out of play.
7:58 of 1st period - Brad Richards wins face-off versus Mikko Koivu in Jets zone.
8:07 of 1st period - Snap shot by Jarome Iginla.
8:07 of 1st period - Stopped by Henrik Lundqvist with a rebound.
8:32 of 1st period - Benoit Pouliot is hit by Drew Stafford and loses puck.
8:48 of 1st period - Jakob Silfverberg is hit by Benoit Pouliot and loses puck.
8:57 of 1st period - Snap shot by Derek Roy.
8:57 of 1st period - Stopped by Henrik Lundqvist with a rebound.
8:59 of 1st period - Wrist shot by Andrei Markov.
8:59 of 1st period - Shot Blocked by Alexei Emelin.
9:01 of 1st period - Wrist shot by Marco Scandella.
9:01 of 1st period - Shot Blocked by Staffan Kronwall.
9:05 of 1st period - Snap shot by Dustin Brown.
9:05 of 1st period - Goal by Dustin Brown - Jets : 1 - Rangers : 0.
9:06 of 1st period - Brad Richards wins face-off versus Mikko Koivu in neutral zone.
9:31 of 1st period - Mike Cammalleri is hit by Darroll Powe.
9:35 of 1st period - Slapshot by Darroll Powe.
9:35 of 1st period - Shot Blocked by Cam Barker.
9:37 of 1st period - Slapshot by Chris Phillips.
9:37 of 1st period - Shot Blocked by Ryan Whitney.
9:39 of 1st period - Slapshot by Chris Phillips.
9:39 of 1st period - Stopped by Henrik Lundqvist without a rebound.
9:40 of 1st period - Brad Richards wins face-off versus Derek Roy in Rangers zone.
10:06 of 1st period - Jussi Jokinen is hit by Matt Greene and loses puck.
10:29 of 1st period - Snap shot by Patrice Bergeron.
10:29 of 1st period - Shot Misses the Net.
10:31 of 1st period - Slapshot by Staffan Kronwall.
10:31 of 1st period - Shot Hit the Post.
10:33 of 1st period - Wrist shot by Patrice Bergeron.
10:33 of 1st period - Stopped by Maxime Daigneault with a rebound.
10:35 of 1st period - Slapshot by Patrice Bergeron.
10:35 of 1st period - Stopped by Maxime Daigneault with a rebound.
11:15 of 1st period - Derek Roy is hit by Johan Franzen and loses puck.
12:36 of 1st period - Slapshot by Milan Lucic.
12:36 of 1st period - Shot Blocked by Anton Volchenkov.
12:38 of 1st period - Snap shot by Milan Lucic.
12:38 of 1st period - Stopped by Maxime Daigneault with a rebound.
12:40 of 1st period - Slapshot by Alexei Emelin.
12:40 of 1st period - Shot Misses the Net.
12:56 of 1st period - Wrist shot by Tomas Kopecky.
12:56 of 1st period - Stopped by Henrik Lundqvist without a rebound.
12:57 of 1st period - Darroll Powe wins face-off versus Brad Richards in Rangers zone.
13:12 of 1st period - Snap shot by Tomas Kopecky.
13:12 of 1st period - Shot Misses the Net.
13:22 of 1st period - Benoit Pouliot is hit by Ryan Whitney and loses puck.
13:47 of 1st period - Snap shot by Radek Bonk.
13:47 of 1st period - Stopped by Maxime Daigneault with a rebound.
14:08 of 1st period - Wrist shot by Eric Fehr.
14:08 of 1st period - Deflect By Blair Betts.
14:08 of 1st period - Stopped by Henrik Lundqvist with a rebound.
14:10 of 1st period - Snap shot by Adam Pardy.
14:10 of 1st period - Shot Blocked by Nick Foligno.
14:29 of 1st period - Wrist shot by Milan Lucic.
14:29 of 1st period - Stopped by Maxime Daigneault without a rebound.
14:30 of 1st period - Brad Richards wins face-off versus Derek Roy in Jets zone.
15:11 of 1st period - Backhand shot by Benoit Pouliot.
15:11 of 1st period - Stopped by Henrik Lundqvist without a rebound.
15:12 of 1st period - Patrice Bergeron wins face-off versus Mikko Koivu in Rangers zone.
15:28 of 1st period - Snap shot by Mikko Koivu.
15:28 of 1st period - Shot Blocked by Drew Stafford.
15:42 of 1st period - Snap shot by Milan Lucic.
15:42 of 1st period - Stopped by Maxime Daigneault with a rebound.
16:01 of 1st period - Matt Greene is hit by Eric Fehr and loses puck.
16:06 of 1st period - Wrist shot by Eric Fehr.
16:06 of 1st period - Shot Misses the Net.
16:08 of 1st period - Wrist shot by Chris Phillips.
16:08 of 1st period - Stopped by Henrik Lundqvist without a rebound.
16:09 of 1st period - Patrice Bergeron wins face-off versus Derek Roy in Rangers zone.
16:09 of 1st period - Patrice Bergeron is hit by Derek Roy.
16:15 of 1st period - Wrist shot by Mike Cammalleri.
16:15 of 1st period - Shot Blocked by Dustin Brown.
16:17 of 1st period - Slapshot by Staffan Kronwall.
16:17 of 1st period - Stopped by Maxime Daigneault without a rebound.
16:18 of 1st period - Derek Roy wins face-off versus Patrice Bergeron in Jets zone.
16:37 of 1st period - Snap shot by Drew Stafford.
16:37 of 1st period - Stopped by Maxime Daigneault without a rebound.
16:38 of 1st period - Brad Richards wins face-off versus Mikko Koivu in Jets zone.
16:59 of 1st period - Minor Penalty to Brad Richards for Hooking.
17:00 of 1st period - Milan Lucic wins face-off versus Derek Roy in Rangers zone.
17:17 of 1st period - Slapshot by Benoit Pouliot.
17:17 of 1st period - Goal by Benoit Pouliot - Jets : 2 - Rangers : 0.
17:18 of 1st period - Brad Richards wins face-off versus Mikko Koivu in neutral zone.
17:25 of 1st period - Slapshot by Brad Richards.
17:25 of 1st period - Shot Misses the Net.
17:27 of 1st period - Snap shot by Brad Richards.
17:27 of 1st period - Stopped by Maxime Daigneault without a rebound.
17:28 of 1st period - Brad Richards wins face-off versus Mikko Koivu in Jets zone.
17:53 of 1st period - Snap shot by Brad Richards.
17:53 of 1st period - Shot Misses the Net.
17:55 of 1st period - Snap shot by Johan Franzen.
17:55 of 1st period - Goal by Johan Franzen - Jets : 2 - Rangers : 1.
17:56 of 1st period - Brad Richards wins face-off versus Derek Roy in neutral zone.
18:06 of 1st period - Snap shot by Benoit Pouliot.
18:06 of 1st period - Stopped by Henrik Lundqvist with a rebound.
18:22 of 1st period - Jussi Jokinen is hit by Mike Cammalleri and loses puck.
18:31 of 1st period - Slapshot by Patrice Bergeron.
18:31 of 1st period - Shot Blocked by Anton Volchenkov.
18:33 of 1st period - Snap shot by Matt Greene.
18:33 of 1st period - Stopped by Maxime Daigneault with a rebound.
18:43 of 1st period - Dmitri Kalinin is hit by Matt Greene and loses puck.
19:05 of 1st period - Off-side.
19:06 of 1st period - Darroll Powe wins face-off versus Matt Read in neutral zone.
19:31 of 1st period - Cam Barker is hit by Derek Roy and loses puck.
19:36 of 1st period - Wrist shot by Dustin Brown.
19:36 of 1st period - Stopped by Henrik Lundqvist without a rebound.
19:37 of 1st period - Derek Roy wins face-off versus Brad Richards in Rangers zone.
19:42 of 1st period - Wrist shot by Dustin Brown.
19:42 of 1st period - Stopped by Henrik Lundqvist with a rebound.
Goals for this period are 2 for Jets vs 1 for Rangers.
Shots for this period are 14 for Jets vs 17 for Rangers.

2nd period


0:01 of 2nd period - Derek Roy wins face-off versus Brad Richards in neutral zone.
0:06 of 2nd period - Snap shot by Anton Volchenkov.
0:06 of 2nd period - Stopped by Henrik Lundqvist with a rebound.
0:31 of 2nd period - Snap shot by Mikko Koivu.
0:31 of 2nd period - Stopped by Henrik Lundqvist without a rebound.
0:32 of 2nd period - Darroll Powe wins face-off versus Patrice Bergeron in Rangers zone.
0:33 of 2nd period - Wrist shot by Fredrik Sjostrom.
0:33 of 2nd period - Stopped by Henrik Lundqvist with a rebound.
0:36 of 2nd period - Icing by Drew Stafford.
0:37 of 2nd period - Patrice Bergeron wins face-off versus Darroll Powe in Rangers zone.
1:02 of 2nd period - Matt Greene is hit by Derek Roy.
1:24 of 2nd period - Snap shot by Jarome Iginla.
1:24 of 2nd period - Shot Blocked by Radek Bonk.
1:32 of 2nd period - Snap shot by Mikko Koivu.
1:32 of 2nd period - Stopped by Henrik Lundqvist without a rebound.
1:33 of 2nd period - Brad Richards wins face-off versus Derek Roy in Rangers zone.
1:35 of 2nd period - Icing by Milan Lucic.
1:36 of 2nd period - Derek Roy wins face-off versus Brad Richards in Rangers zone.
1:47 of 2nd period - Wrist shot by Dustin Brown.
1:47 of 2nd period - Shot Misses the Net.
2:03 of 2nd period - Wrist shot by Jussi Jokinen.
2:03 of 2nd period - Goal by Jussi Jokinen - Jets : 3 - Rangers : 1.
2:04 of 2nd period - Milan Lucic wins face-off versus Derek Roy in neutral zone.
2:29 of 2nd period - Dmitri Kalinin is hit by Nathan Gerbe and loses puck.
2:36 of 2nd period - Cam Barker is hit by Derek Roy and loses puck.
4:30 of 2nd period - Snap shot by Eric Fehr.
4:30 of 2nd period - Shot Misses the Net.
4:32 of 2nd period - Snap shot by Blair Betts.
4:32 of 2nd period - Deflect By Curtis Glencross.
4:32 of 2nd period - Shot Blocked by Drew Stafford.
4:32 of 2nd period - Puck is out of play.
4:33 of 2nd period - Derek Roy wins face-off versus Brad Richards in Rangers zone.
4:46 of 2nd period - Snap shot by Brad Richards.
4:46 of 2nd period - Deflect By Johan Franzen.
4:46 of 2nd period - Shot Blocked by Benoit Pouliot.
4:46 of 2nd period - Puck is out of play.
4:47 of 2nd period - Mikko Koivu wins face-off versus Radek Bonk in Jets zone.
5:12 of 2nd period - Marco Scandella is hit by Johan Franzen and loses puck.
6:05 of 2nd period - Jarome Iginla is hit by Nick Foligno and loses puck.
6:16 of 2nd period - Nathan Gerbe is hit by Blair Betts and loses puck.
6:23 of 2nd period - Adam Pardy is hit by Nathan Gerbe and loses puck.
6:52 of 2nd period - Minor Penalty to Curtis Glencross for Hooking.
6:53 of 2nd period - Brad Richards wins face-off versus Darroll Powe in Jets zone.
7:11 of 2nd period - Anton Volchenkov is hit by Johan Franzen and loses puck.
7:26 of 2nd period - Wrist shot by Patrice Bergeron.
7:26 of 2nd period - Stopped by Maxime Daigneault without a rebound.
7:27 of 2nd period - Darroll Powe wins face-off versus Patrice Bergeron in Jets zone.
7:55 of 2nd period - Jarome Iginla is hit by Brad Richards and loses puck.
8:28 of 2nd period - Snap shot by Fredrik Sjostrom.
8:28 of 2nd period - Deflect By Mark Fistric.
8:28 of 2nd period - Shot Hit the Post.
8:28 of 2nd period - Puck is out of play.
8:29 of 2nd period - Brad Richards wins face-off versus Blair Betts in Rangers zone.
8:51 of 2nd period - Adam Pardy is hit by Patrice Bergeron and loses puck.
8:52 of 2nd period - Penalty to Curtis Glencross is over, Curtis Glencross is back on ice.
9:10 of 2nd period - Nathan Gerbe is hit by Darroll Powe.
10:15 of 2nd period - Chris Phillips is hit by Staffan Kronwall and loses puck.
10:20 of 2nd period - Slapshot by Nathan Gerbe.
10:20 of 2nd period - Shot Misses the Net.
10:42 of 2nd period - Alexei Emelin is hit by Jarome Iginla.
10:48 of 2nd period - Snap shot by Matt Read.
10:48 of 2nd period - Shot Misses the Net.
10:50 of 2nd period - Snap shot by Radek Bonk.
10:50 of 2nd period - Deflect By Matt Read.
10:50 of 2nd period - Stopped by Maxime Daigneault with a rebound.
10:52 of 2nd period - Slapshot by Radek Bonk.
10:52 of 2nd period - Shot Misses the Net.
10:56 of 2nd period - Snap shot by Matt Read.
10:56 of 2nd period - Stopped by Maxime Daigneault with a rebound.
10:58 of 2nd period - Snap shot by Radek Bonk.
10:58 of 2nd period - Goal by Radek Bonk - Jets : 3 - Rangers : 2.
10:59 of 2nd period - Derek Roy wins face-off versus Brad Richards in neutral zone.
11:12 of 2nd period - Slapshot by Johan Franzen.
11:12 of 2nd period - Shot Misses the Net.
11:14 of 2nd period - Slapshot by Ryan Whitney.
11:14 of 2nd period - Shot Misses the Net.
11:20 of 2nd period - Minor Penalty to Derek Roy for Interference.
11:21 of 2nd period - Brad Richards wins face-off versus Fredrik Sjostrom in Jets zone.
12:03 of 2nd period - Mark Fistric is hit by Andrei Markov and loses puck.
12:46 of 2nd period - Blair Betts is hit by Drew Stafford.
13:00 of 2nd period - Johan Franzen is hit by Mikko Koivu and loses puck.
13:20 of 2nd period - Penalty to Derek Roy is over, Derek Roy is back on ice.
16:02 of 2nd period - Matt Read is hit by Tomas Kopecky and loses puck.
16:15 of 2nd period - Chris Phillips is hit by Valtteri Filppula and loses puck.
16:26 of 2nd period - Patrice Bergeron is hit by Dustin Brown and loses puck.
16:48 of 2nd period - Derek Roy is hit by Ryan Whitney and loses puck.
17:01 of 2nd period - Brad Richards is hit by Marco Scandella.
17:11 of 2nd period - Nick Foligno is hit by Jarome Iginla and loses puck.
17:18 of 2nd period - Snap shot by Mikko Koivu.
17:18 of 2nd period - Shot Blocked by Matt Greene.
18:10 of 2nd period - Staffan Kronwall is hit by Mikko Koivu and loses puck.
18:49 of 2nd period - Slapshot by Valtteri Filppula.
18:49 of 2nd period - Stopped by Maxime Daigneault without a rebound.
18:50 of 2nd period - Mikko Koivu wins face-off versus Valtteri Filppula in Jets zone.
18:50 of 2nd period - Mikko Koivu is hit by Jakob Silfverberg.
18:55 of 2nd period - Off-side.
18:56 of 2nd period - Mikko Koivu wins face-off versus Brad Richards in neutral zone.
19:18 of 2nd period - Icing by Mikko Koivu.
19:19 of 2nd period - Patrice Bergeron wins face-off versus Mikko Koivu in Jets zone.
19:26 of 2nd period - Snap shot by Drew Stafford.
19:26 of 2nd period - Stopped by Maxime Daigneault without a rebound.
19:27 of 2nd period - Patrice Bergeron wins face-off versus Derek Roy in Jets zone.
Goals for this period are 1 for Jets vs 1 for Rangers.
Shots for this period are 5 for Jets vs 6 for Rangers.

3rd period


0:01 of 3rd period - Mikko Koivu wins face-off versus Brad Richards in neutral zone.
0:06 of 3rd period - Snap shot by Jussi Jokinen.
0:06 of 3rd period - Stopped by Henrik Lundqvist without a rebound.
0:07 of 3rd period - Brad Richards wins face-off versus Mikko Koivu in Rangers zone.
0:51 of 3rd period - Double Minor Penalty to Matt Greene for Roughing.
0:52 of 3rd period - Derek Roy wins face-off versus Milan Lucic in Rangers zone.
0:56 of 3rd period - Snap shot by Derek Roy.
0:56 of 3rd period - Shot Blocked by Brad Richards.
1:24 of 3rd period - Wrist shot by Mikko Koivu.
1:24 of 3rd period - Deflect By Jussi Jokinen.
1:24 of 3rd period - Stopped by Henrik Lundqvist with a rebound.
1:26 of 3rd period - Snap shot by Jussi Jokinen.
1:26 of 3rd period - Deflect By Milan Lucic.
1:26 of 3rd period - Shot Misses the Net.
1:26 of 3rd period - Puck is out of play.
1:27 of 3rd period - Milan Lucic wins face-off versus Derek Roy in Rangers zone.
1:45 of 3rd period - Icing by Andrei Markov.
1:46 of 3rd period - Derek Roy wins face-off versus Patrice Bergeron in Jets zone.
1:46 of 3rd period - Derek Roy is hit by Patrice Bergeron.
2:17 of 3rd period - Wrist shot by Mikko Koivu.
2:17 of 3rd period - Shot Misses the Net.
2:19 of 3rd period - Wrist shot by Andrei Markov.
2:19 of 3rd period - Shot Misses the Net.
3:56 of 3rd period - Snap shot by Tomas Kopecky.
3:56 of 3rd period - Stopped by Henrik Lundqvist with a rebound.
4:26 of 3rd period - Dmitri Kalinin is hit by Alexei Emelin.
4:36 of 3rd period - Dustin Brown is hit by Alexei Emelin and loses puck.
4:49 of 3rd period - Milan Lucic is hit by Chris Phillips and loses puck.
4:51 of 3rd period - Penalty to Matt Greene is over, Matt Greene is back on ice.
5:52 of 3rd period - Chris Phillips is hit by Radek Bonk and loses puck.
5:59 of 3rd period - Drew Stafford is hit by Chris Phillips and loses puck.
6:31 of 3rd period - Slapshot by Jakob Silfverberg.
6:31 of 3rd period - Shot Misses the Net.
6:33 of 3rd period - Wrist shot by Alexei Emelin.
6:33 of 3rd period - Shot Misses the Net.
6:45 of 3rd period - Matt Read is hit by Anton Volchenkov.
8:06 of 3rd period - Icing by Jussi Jokinen.
8:07 of 3rd period - Mikko Koivu wins face-off versus Jakob Silfverberg in Jets zone.
8:12 of 3rd period - Jarome Iginla is hit by Jakob Silfverberg and loses puck.
8:20 of 3rd period - Icing by Mikko Koivu.
8:21 of 3rd period - Radek Bonk wins face-off versus Mikko Koivu in Jets zone.
8:30 of 3rd period - Snap shot by Mikko Koivu.
8:30 of 3rd period - Goal by Mikko Koivu - Jets : 4 - Rangers : 2.
8:31 of 3rd period - Derek Roy wins face-off versus Brad Richards in neutral zone.
8:34 of 3rd period - Johan Franzen is hit by Benoit Pouliot.
8:37 of 3rd period - Off-side.
8:38 of 3rd period - Brad Richards wins face-off versus Dustin Brown in neutral zone.
8:47 of 3rd period - Milan Lucic is hit by Derek Roy and loses puck.
9:23 of 3rd period - Off-side.
9:24 of 3rd period - Radek Bonk wins face-off versus Darroll Powe in neutral zone.
9:34 of 3rd period - Off-side.
9:35 of 3rd period - Derek Roy wins face-off versus Brad Richards in neutral zone.
10:13 of 3rd period - Ryan Whitney is hit by Mikko Koivu and loses puck.
10:50 of 3rd period - Snap shot by Jakob Silfverberg.
10:50 of 3rd period - Stopped by Maxime Daigneault with a rebound.
10:52 of 3rd period - Snap shot by Staffan Kronwall.
10:52 of 3rd period - Stopped by Maxime Daigneault without a rebound.
10:53 of 3rd period - Nick Foligno wins face-off versus Blair Betts in Jets zone.
10:54 of 3rd period - Snap shot by Jakob Silfverberg.
10:54 of 3rd period - Shot Misses the Net.
10:56 of 3rd period - Double Minor Penalty to Blair Betts for Roughing.
10:57 of 3rd period - Brad Richards wins face-off versus Darroll Powe in Jets zone.
11:02 of 3rd period - Backhand shot by Brad Richards.
11:02 of 3rd period - Shot Misses the Net.
11:04 of 3rd period - Snap shot by Milan Lucic.
11:04 of 3rd period - Shot Blocked by Jarome Iginla.
11:06 of 3rd period - Slapshot by Cam Barker.
11:06 of 3rd period - Stopped by Maxime Daigneault with a rebound.
11:08 of 3rd period - Wrist shot by Milan Lucic.
11:08 of 3rd period - Goal by Milan Lucic - Jets : 4 - Rangers : 3.
11:09 of 3rd period - Brad Richards wins face-off versus Darroll Powe in neutral zone.
11:12 of 3rd period - Snap shot by Brad Richards.
11:12 of 3rd period - Stopped by Maxime Daigneault with a rebound.
11:42 of 3rd period - Wrist shot by Drew Stafford.
11:42 of 3rd period - Deflect By Patrice Bergeron.
11:42 of 3rd period - Shot Misses the Net.
11:42 of 3rd period - Puck is out of play.
11:43 of 3rd period - Patrice Bergeron wins face-off versus Darroll Powe in Jets zone.
13:08 of 3rd period - Penalty to Blair Betts is over, Blair Betts is back on ice.
13:11 of 3rd period - Anton Volchenkov is hit by Matt Read and loses puck.
13:58 of 3rd period - Darroll Powe is hit by Patrice Bergeron and loses puck.
14:18 of 3rd period - Icing by Anton Volchenkov.
14:19 of 3rd period - Milan Lucic wins face-off versus Derek Roy in Jets zone.
14:44 of 3rd period - Slapshot by Anton Volchenkov.
14:44 of 3rd period - Deflect By Curtis Glencross.
14:44 of 3rd period - Shot Misses the Net.
14:44 of 3rd period - Puck is out of play.
14:45 of 3rd period - Blair Betts wins face-off versus Patrice Bergeron in Rangers zone.
14:48 of 3rd period - Slapshot by Eric Fehr.
14:48 of 3rd period - Shot Misses the Net.
15:00 of 3rd period - Wrist shot by Patrice Bergeron.
15:00 of 3rd period - Stopped by Maxime Daigneault with a rebound.
15:41 of 3rd period - Radek Bonk is hit by Benoit Pouliot and loses puck.
16:31 of 3rd period - Snap shot by Jakob Silfverberg.
16:31 of 3rd period - Stopped by Maxime Daigneault without a rebound.
16:32 of 3rd period - Valtteri Filppula wins face-off versus Eric Fehr in Jets zone.
17:08 of 3rd period - Dustin Brown is hit by Mark Fistric and loses puck.
17:15 of 3rd period - Matt Read is hit by Dustin Brown and loses puck.
17:30 of 3rd period - Backhand shot by Mark Fistric.
17:30 of 3rd period - Deflect By Patrice Bergeron.
17:30 of 3rd period - Deflect By Jarome Iginla.
17:30 of 3rd period - Stopped by Maxime Daigneault with a rebound.
17:32 of 3rd period - Slapshot by Mark Fistric.
17:32 of 3rd period - Stopped by Maxime Daigneault with a rebound.
17:34 of 3rd period - Slapshot by Matt Greene.
17:34 of 3rd period - Deflect By Drew Stafford.
17:34 of 3rd period - Stopped by Maxime Daigneault without a rebound.
17:35 of 3rd period - Brad Richards wins face-off versus Darroll Powe in Jets zone.
18:02 of 3rd period - Radek Bonk is hit by Anton Volchenkov and loses puck.
18:09 of 3rd period - Dmitri Kalinin is hit by Nathan Gerbe and loses puck.
18:24 of 3rd period - Slapshot by Derek Roy.
18:24 of 3rd period - Deflect By Dustin Brown.
18:24 of 3rd period - Stopped by Henrik Lundqvist without a rebound.
18:25 of 3rd period - Brad Richards wins face-off versus Derek Roy in Rangers zone.
19:48 of 3rd period - Slapshot by Jarome Iginla.
19:48 of 3rd period - Stopped by Henrik Lundqvist without a rebound.
19:49 of 3rd period - Michel Therrien call a timeout for Rangers.
19:49 of 3rd period - Darroll Powe wins face-off versus Brad Richards in Rangers zone.
19:54 of 3rd period - Wrist shot by Jarome Iginla.
19:54 of 3rd period - Goal by Jarome Iginla - Jets : 5 - Rangers : 3.
19:55 of 3rd period - Radek Bonk wins face-off versus Darroll Powe in neutral zone.
19:58 of 3rd period - Snap shot by Ryan Whitney.
19:58 of 3rd period - Stopped by Maxime Daigneault with a rebound.
Goals for this period are 2 for Jets vs 1 for Rangers.
Shots for this period are 7 for Jets vs 11 for Rangers.


Output by the SimonT Hockey Simulator (STHS) for François Prévost -- Original Page W3C XHTML 1.0 Valid
Hockey Simulator - Hockey Simulation - Hockey Manager